 Dungeon Crawl Stone Soup version 0.21-a0-417-g0adc95b (webtiles) character file.

358 zorance the Vexing (level 6, -6/47 HPs)
             Began as a Vampire Enchanter on Nov 3, 2017.
             Mangled by a slave (9 damage)
             ... led by Pikel
             ... on level 6 of the Dungeon.
             The game lasted 00:32:51 (10194 turns).

zorance the Vexing (Vampire Enchanter)             Turns: 10194, Time: 00:32:52

Health: -6/47      AC:  5    Str: 11    XL:     6   Next: 37%
Magic:  1/9        EV: 14    Int: 17    God:
Gold:   236        SH:  0    Dex: 17    Spells: 2/9 levels left

rFire    . . .     SeeInvis +   w - -3 rapier (curse)
rCold    + . .     Gourm    .   (no shield)
rNeg     + + .     Faith    .   g - +0 leather armour
rPois    +         Spirit   .   (no helmet)
rElec    .         Reflect  .   t - +0 cloak
rCorr    .         Harm     .   (no gloves)
MR       .....                  y - +0 pair of boots
Stlth    ++++......             d - amulet of regeneration
HPRegen  0.27/turn              k - ring of poison resistance
MPRegen  0.11/turn              l - +4 ring of strength

@: very slightly contaminated, regenerating slowly
A: fangs 3, see invisible, unbreathing
a: Bat Form


You were on level 6 of the Dungeon.
You were thirsty.

You visited 1 branch of the dungeon, and saw 6 of its levels.

You collected 236 gold pieces.

Inventory:

Hand Weapons
 a - a +1 dagger
 f - a +0 rapier
 s - a +2 quarterstaff of chaos
 w - a cursed -3 rapier (weapon)
 B - a +0 blowgun
Missiles
 h - 186 stones (quivered)
 D - 5 poisoned needles
Armour
 g - a +0 leather armour (worn)
 p - a +0 ring mail
 t - a +0 cloak (worn)
 y - a +0 pair of boots (worn)
 C - a +0 scale mail
Jewellery
 d - an amulet of regeneration (around neck)
 k - a ring of poison resistance (left hand)
 l - a +4 ring of strength (right hand)
Wands
 e - a wand of acid (10/15)
 j - a wand of iceblast (2/15)
 v - a wand of clouds (5/9)
Scrolls
 i - a scroll of teleportation
 m - 2 scrolls of immolation
 o - a scroll of enchant armour {unknown}
 q - a scroll of blinking {unknown}
 r - a scroll of magic mapping
 x - 2 scrolls of fear
Potions
 b - a potion of might {unknown}
 n - a potion of lignification {unknown}
 z - a potion of magic {unknown}
 A - 2 potions of cancellation
Books
 c - a book of Maledictions

   Spells                             Type                      Level
   a - Corona                         Hexes                        1
   b - Ensorcelled Hibernation        Hexes/Ice                    2
   c - Confuse                        Hexes                        3
   d - Tukima's Dance                 Hexes                        3
   e - Dazzling Spray                 Conjuration/Hexes            3


   Skills:
 * Level 3.4 Fighting
 * Level 4.3 Short Blades
 - Level 4.0 Dodging
 - Level 4.4 Stealth
 - Level 2.0 Spellcasting
 + Level 4.6 Hexes


You had 2 spell levels left.
You knew the following spells:

 Your Spells              Type           Power        Failure   Level  Hunger
a - Corona                Hex            ###....      3%          1    #......
b - Confuse               Hex            ###.....     11%         3    ###....
c - Dazzling Spray        Conj/Hex       #.....       28%         3    ###....


Dungeon Overview and Level Annotations

Branches:
Dungeon (6/15)
 Temple: D:4-7

Altars:
Gozag
Qazlal
Xom

Annotations:
D:4 p0werm0de's ghost, amateur GrCK
D:5 Pikel


Innate Abilities, Weirdness & Mutations

You heal slowly.
You have razor-sharp teeth.
You have supernaturally acute eyesight. (SInv)
You can survive without breathing.


Message History

The slave hits you but does no damage. The slave closely misses you.
You climb upwards.
Level annotation: Pikel The slave barely misses you.
There is a stone staircase leading down here.
The slave closely misses you. The slave barely misses you.
The slave closely misses you.
You climb downwards.
There is a stone staircase leading up here.
You hit the slave but do no damage.
The slave is moderately wounded.
The slave hits you.
* * * LOW HITPOINT WARNING * * *
The slave barely misses you.
As you read the scroll of immolation, it crumbles to dust.
The creatures around you are filled with an inner flame!
The slave hits you.
* * * LOW HITPOINT WARNING * * *
The slave hits you!
You die...

###
#..
#.#
#.#
#p#
#p#
#@#
#p#
#.#
#.#
..#
###


You could see 3 slaves.

Vanquished Creatures
  A scorpion (D:4)
  A howler monkey (D:4)
  An orc priest (D:5)
  Crazy Yiuf (D:2)
  Natasha (D:2)
  A worker ant (D:4)
  10 adders
  2 oozes (D:1)
  A worm (D:2)
  A dart slug (D:1)
  2 leopard geckos
  4 orcs
  A ball python (D:2)
  2 bat skeletons (D:4)
  A bat zombie (D:4)
  4 giant cockroaches
  8 hobgoblins
  4 jackals
  9 kobolds
  2 quokkas (D:2)
  A ball python skeleton (D:4)
  6 bats
  5 frilled lizards
  7 goblins
  A quokka skeleton (D:4)
  9 rats
86 creatures vanquished.

Notes
Turn   | Place    | Note
-------+----------+-------------------------------------------
     0 | D:1      | zorance the Vampire Enchanter began the quest for the Orb.
     0 | D:1      | Reached XP level 1. HP: 13/13 MP: 3/3
   406 | D:1      | Reached XP level 2. HP: 20/20 MP: 5/5
   460 | D:1      | Reached skill level 1 in Fighting
  1390 | D:1      | Reached XP level 3. HP: 22/26 MP: 4/6
  2766 | D:2      | Reached XP level 4. HP: 25/33 MP: 5/7
  2887 | D:2      | Noticed Natasha
  3580 | D:2      | Killed Natasha
  4150 | D:2      | Found a runed door.
  4222 | D:2      | Noticed Crazy Yiuf
  4227 | D:2      | Killed Crazy Yiuf
  4227 | D:2      | Reached XP level 5. HP: 29/39 MP: 5/8
  4683 | D:3      | Found a stormy altar of Qazlal.
  4720 | D:3      | Learned a level 3 spell: Confuse
  4938 | D:4      | Found a shimmering altar of Xom.
  4941 | D:5      | Entered Level 5 of the Dungeon
  5799 | D:4      | Noticed p0werm0de's ghost (amateur GrCK)
  7324 | D:4      | Reached XP level 6. HP: 43/47 MP: 7/9
  7710 | D:4      | Found an opulent altar of Gozag.
  8441 | D:4      | Learned a level 3 spell: Dazzling Spray
 10149 | D:5      | Noticed a slave
 10150 | D:5      | Noticed a slave
 10151 | D:5      | Noticed Pikel
 10151 | D:5      | Noticed a slave
 10151 | D:5      | Noticed a slave
 10194 | D:6      | Mangled by a slave

Vault maps used:
D:1:      dpeg_arrival_three_bigger_balls, minmay_hexomino_p4
D:2:      kennysheep_six_static_rooms, uniq_crazy_yiuf_cottage, uniq_natasha
D:3:      overflow_temple_1_default
D:4:      xom_teletrap_fun, kennysheep_vampire_church, minmay_misc_feat_iff,
          grunt_gozag_statues
D:5:      first_bread, minmay_misc_feat_plants, nicolae_qazlal_eye_of_the_storm,
          uniq_pikel
D:6:      lemuel_round_altar, temple_fountains, cheibrodos_sewer_entry_bend,
          uniq_duvessa

Skill      XL: |  1  2  3  4  5 |
---------------+----------------+-----
Fighting       | 1 2 3 |  3.4
Short Blades   | 2 3 4 |  4.3
Dodging        | 3 4 |  4.0
Stealth        | |  4.4
Spellcasting   | |  2.0
Hexes          | |  4.6

Action                   |  1- 3 |  4- 6 || total
-------------------------+-------+-------++-------
Melee: Dagger            |   115 |       ||   115
       Bite              |    12 |    22 ||    34
       Rapier            |    26 |   186 ||   212
Throw: Stone             |     5 |     2 ||     7
 Cast: Corona            |    32 |    24 ||    56
       Confuse           |       |    13 ||    13
 Abil: End Transformatio |       |     3 ||     3
       Bat Form          |       |     3 ||     3
Evoke: Wand              |       |     1 ||     1
  Use: Potion            |     5 |     6 ||    11
       Scroll            |     5 |    10 ||    15
 Stab: Sleeping          |    12 |    13 ||    25
       Distracted        |     1 |       ||     1
       Confused          |       |     3 ||     3
  Eat: Corpse            |     3 |     6 ||     9
Armor: Robe              |     2 |       ||     2
       Leather armour    |    24 |    39 ||    63
       Ring mail         |       |    10 ||    10
Dodge: Dodged            |    76 |   175 ||   251

Table legend:
 A = Spawn XP
 B = Non-spawn XP
 C = Spawn XP percentage of total XP
 D = Spawn monster count
 E = Non-spawn monster count
 F = Spawn count percentage of total count
 G = Total turns spent on level
                    A         B        C        D         E        F      G
               +---------+---------+-------+---------+---------+-------+---------
         Total |       0 |     512 |   0.0 |       0 |      86 |   0.0 | 10194
               +---------+---------+-------+---------+---------+-------+---------
           D:1 |       0 |      57 |   0.0 |       0 |      28 |   0.0 |  1686
           D:2 |       0 |     174 |   0.0 |       0 |      32 |   0.0 |  2704
           D:3 |       0 |      28 |   0.0 |       0 |       8 |   0.0 |  2538
           D:4 |       0 |     206 |   0.0 |       0 |      15 |   0.0 |  1941
           D:5 |       0 |      47 |   0.0 |       0 |       3 |   0.0 |  1310
               +---------+---------+-------+---------+---------+-------+---------
